cohdb
Replays
Latest Replays
All Replays
Popular Replays
Top Player Replays
Match Explorer
How It Works
Community
CoH3 Stats
Reddit
Sign in to upload your games and track your stats! →
Sign in with Steam
Match 45436319
Unlisted
Match 45436319
Overview
Messages
Build Orders
End
Engineer Squad
Construct Barracks
Riflemen Squad
Selects Armored Battlegroup
Selects Veteran Crews
1⁄4-ton 4x4 Truck
Selects Veteran Crews
1⁄4-ton 4x4 Truck
Riflemen Squad
Grenade Package
Construct Medical Station
Riflemen Squad
Riflemen Squad
やめてくださいCumMonster
boi_of_war
0
0
Comments
sign in to comment!
No comments posted yet!